 Dungeon Crawl Stone Soup version 0.32-a0-540-g866d13106e (webtiles) character file.

Game seed: 8241668794351827500

84 Maxmaps the Conjurer (level 4, 0/30 HPs)
             Began as a Demonspawn Hedge Wizard on Feb 28, 2024.
             Slain by Crazy Yiuf
             ... wielding a +4 quarterstaff of chaos
              (17 damage)
             ... on level 2 of the Dungeon.
             The game lasted 00:02:56 (2501 turns).

Maxmaps the Conjurer (Demonspawn Hedge Wizard)      Turns: 2501, Time: 00:02:57

Health: 0/30       AC:  0    Str: 11    XL:     4   Next: 24%
Magic:  8/8        EV: 14    Int: 16    God:
Gold:   128        SH:  0    Dex: 12    Spells: 8/9 levels left

rFire   . . .        a - melded +0 dagger
rCold   . . .        (shield currently unavailable)
rNeg    . . .        b - melded +0 robe
rPois   .            c - melded +0 hat
rElec   .            (cloak currently unavailable)
rCorr   .            p - melded +0 pair of gloves
SInv    .            (boots currently unavailable)
Will    .....        (no amulet)
Stlth   ++           (ring currently unavailable)
HPRegen 0.25/turn    (ring currently unavailable)
MPRegen 0.11/turn

%: no passive effects
@: pig-form, wreathed by umbra, very quick
A: fast, no casting, small, foul shadow 2
a: no special abilities


You were on level 2 of the Dungeon.
You were a filthy swine.
You visited 1 branch of the dungeon, and saw 2 of its levels.

You collected 128 gold pieces.

Inventory:

Hand Weapons
 a - a +0 dagger (melded)
 m - a +3 hand axe
Armour
 b - a +0 robe (melded)
 c - a +0 hat (melded)
 p - a +0 pair of gloves (melded)
Scrolls
 e - a scroll of butterflies {unknown}
 f - a scroll of identify {unknown}
 g - 2 scrolls of teleportation {unknown}
 h - a scroll of vulnerability {unknown}
 o - a scroll of blinking {unknown}
 q - a scroll of fear {unknown}
Potions
 d - a potion of magic
 i - a potion of heal wounds {unknown}
 j - a potion of lignification {unknown}
 k - a potion of might {unknown}
 l - a potion of attraction {unknown}
 n - a potion of haste {unknown}


   Skills:
 - Level 1.7 Dodging
 - Level 1.7 Stealth
 - Level 3.0 Spellcasting
 + Level 4.1 Conjurations
 - Level 1.0 Summonings
 - Level 0.8 Translocations


You had 8 spell levels left.
You knew the following spells:

 Your Spells              Type           Power      Damage    Failure   Level
a - Magic Dart            Conj           60%        1d6       3%          1

Your spell library contained the following spells:

 Spells                   Type           Power      Damage    Failure   Level
 Momentum Strike          Conj/Tloc      20%        3d8       10%         2
 Slow                     Hex            8%         N/A       19%         1
 Call Imp                 Summ           10%        N/A       19%         2
 Blink                    Tloc           10%        N/A       21%         2
 Lesser Beckoning         Tloc           10%        N/A       21%         2
 Dazzling Flash           Conj/Hex       18%        N/A       24%         3
 Cigotuvi's Dreadful Rot  Necr/Alch/Air  4%         N/A       28%         2
 Mephitic Cloud           Conj/Alch/Air  6%         N/A       32%         3
 Volatile Blastmotes      Fire/Tloc      6%         2d10      43%         3
 Starburst                Conj/Fire      4%         6d4       100%        6
 Maxwell's Capacitive Co  Air            1%         ∞         100%        8


Dungeon Overview and Level Annotations

Branches:
Dungeon (2/15)

Altars:

Annotations:
D:2 Crazy Yiuf


Innate Abilities, Weirdness & Mutations

You are a filthy swine.
You move quickly.
Your equipment is almost entirely melded.
You are incapable of wielding weapons or throwing items.
You cannot cast spells.
You are shadowed, sometimes releasing foul flame when damaged in melee.


Message History

A nearby fungus withers and dies.
You hit the fungus.
The fungus begins to die.
The fungus is lightly damaged.
You hit the fungus.
The fungus is lightly damaged.
You hit the fungus.
The fungus begins to die.
The fungus is lightly damaged.
A nearby fungus withers and dies.
A nearby fungus withers and dies.
You hit the fungus but do no damage. You hit the fungus.
The fungus begins to die.
The fungus is lightly damaged.
You hit the fungus.
The fungus is lightly damaged.
You hit the fungus.
The fungus is lightly damaged.
A nearby fungus withers and dies.
Found a hammer.
Found a runed translucent door.
No reachable target in view!
No reachable target in view!
You open the door.
Crazy Yiuf shouts!
Crazy Yiuf screams, "Trifle spinner pizzabubble!"
There is an open translucent door here.
Crazy Yiuf hits you with a +4 quarterstaff of chaos!
Crazy Yiuf freezes you.
You hit Crazy Yiuf but do no damage. Crazy Yiuf barely misses you.
You closely miss Crazy Yiuf.
Crazy Yiuf laughs, "Fire!
Goober fast childish."
Crazy Yiuf zaps a wand.
You turn into a filthy swine.
Your +0 dagger melds into your body.
Your +0 hat melds into your body.
Your +0 pair of gloves melds into your body.
Your +0 robe melds into your body.
You can't do that in your present form.
Unknown command.
You hit Crazy Yiuf.
Crazy Yiuf is lightly wounded.
Crazy Yiuf hits you with a +4 quarterstaff of chaos!
Ouch! That really hurt!
You die...

................#
♣.♣#♣############
#.##.# .###.# ##
#.# # #.# #.#####
##### #.....##
###..)#
#......####.'hg.#
#.....#.#..##..÷#
##.#....#.########
##...#######
#....# ###...###
############
........#
#.......)..#
####.####
###....#####.# #.#
#.......## #.#


You could see Crazy Yiuf.

Vanquished Creatures
  4 adders (D:2)
  2 dart slugs
  3 ball pythons
  5 endoplasms (D:2)
  A giant cockroach (D:1)
  3 goblins
  A hobgoblin (D:2)
  6 jackals (D:1)
  3 quokkas
  3 bats (D:1)
  3 frilled lizards
  6 kobolds
  2 rats
42 creatures vanquished.

Notes
Turn   | Place    | Note
-------+----------+-------------------------------------------
     0 | D:1      | Maxmaps the Demonspawn Hedge Wizard began the quest for the
                  | Orb.
     0 | D:1      | Reached XP level 1. HP: 13/13 MP: 4/4
   250 | D:1      | Reached skill level 2 in Conjurations
   272 | D:1      | Gained mutation: You are faintly shadowed, very rarely
                  | releasing foul flame when damaged in melee. [demonic
                  | ancestry]
   272 | D:1      | Reached XP level 2. HP: 19/19 MP: 4/6
   659 | D:1      | Found a faded altar of an unknown god.
   820 | D:1      | Reached skill level 3 in Conjurations
   989 | D:2      | Reached XP level 3. HP: 24/24 MP: 1/7
  2022 | D:2      | Gained mutation: You are shadowed, sometimes releasing foul
                  | flame when damaged in melee. [demonic ancestry]
  2022 | D:2      | Reached XP level 4. HP: 30/30 MP: 5/8
  2165 | D:2      | Reached skill level 4 in Conjurations
  2492 | D:2      | Found a runed translucent door.
  2493 | D:2      | Noticed Crazy Yiuf
  2501 | D:2      | Slain by Crazy Yiuf

Illustrated notes

Levels and vault maps discovered:
D:1:      kilobyte_arrival_exit_the_forest, layout_rooms,
          hellmonk_ecumenical_altar_arch_garden
D:2:      layout_loops_corners, serial_forest, infiniplex_forest_straight_3,
          infiniplex_forest_lined_room_2, infiniplex_forest_lined_room_3,
          infiniplex_forest_straight_1, infiniplex_forest_clump_small,
          uniq_crazy_yiuf_cottage

Skill      XL: |  1  2  3  4 |
---------------+-------------+-----
Conjurations   | 2 3 4 |  4.1
Dodging        | |  1.7
Stealth        | |  1.7
Spellcasting   | |  3.0
Summonings     | |  1.0
Translocations | |  0.8

Action                     |  1- 3 |  4- 6 || total
---------------------------+-------+-------++-------
  Melee: Dagger            |    33 |    14 ||    47
         Unarmed           |       |     1 ||     1
   Cast: Magic Dart        |    88 |    13 ||   101
 Armour: Robe              |    26 |     2 ||    28
         Skin              |       |     1 ||     1
  Dodge: Dodged            |    30 |     1 ||    31

Table legend: (Time is in decaauts)
 A = Elapsed time spent in this place.
 B = Non-inter-level travel time spent in this place.
 C = Inter-level travel time spent in this place.
 D = Time resting spent in this place.
 E = Time spent auto-exploring this place.
 F = Levels seen in this place.
 G = Mean time per level.
                   A        B        C        D        E       F      G
               +--------+--------+--------+--------+--------+-----+--------+
         Total |   2507 |   2464 |     43 |     56 |   2130 |   2 | 1253.5 |
       Dungeon |   2507 |   2464 |     43 |     56 |   2130 |   2 | 1253.5 |
               +--------+--------+--------+--------+--------+-----+--------+

Top non-repeatable levels by time:
     D:2: 1521 daAuts
     D:1: 985 daAuts
